 Dungeon Crawl Stone Soup version 0.13-a0-3159-gc5ce8eb (webtiles) character file.

11929 4tharraofdagon the Arsonist (level 11, -5/86 HPs)
             Began as a Djinni Fire Elementalist on Sept 24, 2013.
             Was a Priest of Vehumet.
             Slain by a seven-headed hydra (9 damage)
             ... on Level 4 of the Lair of Beasts on Sept 25, 2013.
             The game lasted 00:40:12 (6391 turns).

4tharraofdagon the Arsonist (DjFE)                  Turns: 6391, Time: 00:40:12

HP  -5/86        AC  7     Str  8      XL: 11   Next: 52%
MP   0/0         EV 10     Int 20      God: Vehumet [***...]
Gold 225         SH  0     Dex 13      Spells:  6 memorised,  2 levels left

Res.Fire  : + + +   See Invis. : .   W - staff of poison
Res.Cold  : x . .   Warding    : .   t - +2 leather armour of Mental Paralysis {rPo Life Prot.: + + + Conserve : . (no shield)
Res.Poison: +       Res.Corr.  : .   Q - +0 cap
Res.Elec. : .       Clarity    : .   B - +0 elf cloak {MR+}
Sust.Abil.: + .     Spirit.Shd : .   s - +0 pair of gauntlets
Res.Mut.  : .       Stasis     : .   (boots unavailable)
Res.Rott. : .       Flight     : .   (no amulet)
Saprovore : . . .                    D - ring of sustain abilities
                                     l - ring of regeneration

@: studying Necromancy, slightly contaminated, glowing, quite resistant to
hostile enchantments, unstealthy
A: fire immunity, cold vulnerability, -10% mp, life protection 3
a: Renounce Religion


You were on level 4 of the Lair of Beasts.
You worshipped Vehumet.
Vehumet was most pleased with you.
You were not hungry.

You visited 2 branches of the dungeon, and saw 16 of its levels.
You also visited: Labyrinth and Volcano.

You collected 328 gold pieces.
You spent 123 gold pieces at shops.

Inventory:

Hand weapons
 c - a +2,+3 orcish dagger of draining (quivered)
Missiles
 L - 5 darts of dispersal
Armour
 a - a +1 robe
 s - a +0 pair of gauntlets (worn)
 t - the cursed +2 leather armour of Mental Paralysis (worn) {rPois rF+ Stlth Curse}
   (You found it in a labyrinth)

   It protects you from fire.
   It protects you from poison.
   It may recurse itself.
   It makes you more stealthy.
   It has a curse placed upon it.
 v - a +2 shield of protection
 B - a +0 elven cloak of magic resistance (worn)
 C - a +0 orcish leather armour
 G - a +0 elven cloak
 Q - a +0 cap (worn)
Magical devices
 f - a wand of confusion (2)
 E - a wand of lightning (3)
 I - a wand of frost (20) {unknown}
 R - a wand of lightning (4)
Scrolls
 e - a scroll of curse armour
 g - 3 scrolls of remove curse {unknown}
 j - 3 scrolls of enchant weapon II
 m - a scroll of enchant armour
 x - a scroll of immolation
 A - 2 scrolls of fear {unknown}
 J - 2 scrolls of enchant weapon I
 K - 2 scrolls of amnesia
 V - a scroll of recharging
Jewellery
 h - an uncursed ring of flight
 l - a ring of regeneration (left hand)
 w - an uncursed amulet of rage
 D - a ring of sustain abilities (right hand)
 T - an uncursed amulet of stasis
 U - an uncursed amulet of the gourmand
Potions
 d - 3 potions of heal wounds
 n - a potion of restore abilities
 o - 3 potions of curing
 p - a potion of magic
 q - a potion of blood {unknown}
 u - a potion of speed
 F - a potion of brilliance
 H - a potion of berserk rage {unknown}
 M - a potion of agility
 S - a potion of might
Books
 b - a book of Flames

   Spells                             Type                      Level
   *Flame Tongue                      Conjuration/Fire             1
   Throw Flame                        Conjuration/Fire             2
   *Conjure Flame                     Conjuration/Fire             3
   Inner Flame                        Hexes/Fire                   3
   *Sticky Flame                      Conjuration/Fire             4
   *Fireball                          Conjuration/Fire             5
 y - a book of Necromancy

   Spells                             Type                      Level
   Pain                               Necromancy                   1
   Animate Skeleton                   Necromancy                   1
   Lethal Infusion                    Charms/Necromancy            2
   Vampiric Draining                  Necromancy                   3
   *Regeneration                      Charms/Necromancy            3
   Animate Dead                       Necromancy                   4
   Control Undead                     Necromancy                   4
 z - a book of Wizardry

   Spells                             Type                      Level
   Summon Elemental                   Summoning                    4
   Agony                              Necromancy                   5
   Force Lance                        Conjuration                  5
   *Fireball                          Conjuration/Fire             5
   *Haste                             Charms                       6
   Invisibility                       Hexes                        6
 N - Alistair's Incunabulum of Poison
   (You found it in a labyrinth)

   Spells                             Type                      Level
   Sting                              Conjuration/Poison           1
   Mephitic Cloud                     Conjuration/Poison/Air       3
   Spider Form                        Transmutation/Poison         3
   Olgreb's Toxic Radiance            Poison                       4
 O - the Tome of Dark Execration
   (You found it in a labyrinth)

   Spells                             Type                      Level
   Corona                             Hexes                        1
   Pain                               Necromancy                   1
   Fulminant Prism                    Conjuration/Hexes            5
   Simulacrum                         Ice/Necromancy               6
   Darkness                           Hexes                        7
 P - a manual of Necromancy
Magical staves
 W - an uncursed staff of poison (weapon)
Miscellaneous
 r - a plain deck of defence {Metamorphosis}


   Skills:
 + Level 3.2 Fighting
 - Level 1.7 Dodging
 - Level 1.5 Stealth
 + Level 7.4 Spellcasting
 * Level 10.1 Conjurations
 - Level 5.5 Charms
 - Level 10.1 Necromancy
 * Level 12.4 Fire Magic


You had 2 spell levels left.
You knew the following spells:

 Your Spells              Type           Power        Failure   Level  Hunger
a - Flame Tongue          Conj/Fire      #####        1%          1    None
b - Conjure Flame         Conj/Fire      ######..     1%          3    #......
c - Sticky Flame          Conj/Fire      ######..     1%          4    ###....
d - Fireball              Conj/Fire      ######....   1%          5    #####..
e - Regeneration          Chrm/Necr      #####.....   1%          3    #......
f - Haste                 Chrm           ####....     98%         6    ######.


Dungeon Overview and Level Annotations

Branches:
Dungeon (11/27)            Temple (0/1) D:7            Lair (5/8) D:8
 Shoals (0/5) Lair:3
    Orc: D:6-11       Swamp: Lair:3-6     Snake: Lair:3-6    Spider: Lair:3-6

Altars:
Elyvilon
Nemelex Xobeh
Trog
Vehumet
Xom

Shops:
D:4 *   D:7 %[//*   D:8 %

Annotations:
D:6 bronies4ever's ghost, experienced DjWz
D:10 Nergalle; Urug


Innate Abilities, Weirdness & Mutations

You are immune to all types of fire, even holy and hellish.
You are vulnerable to cold.
You need no food.
You have no legs.
You are immune to negative energy.
Your magical capacity is low (-10% MP).


Message History

Okay, then.
Your skin is crawling a little less now.
Your skin stops crawling.
There is a stone staircase leading up here.
You climb upwards.
The seven-headed hydra roars!
The seven-headed hydra bites you! The seven-headed hydra bites you.
The seven-headed hydra bites you but does no damage.
The seven-headed hydra bites you. The seven-headed hydra bites you!
The seven-headed hydra bites you!
* * * LOW HITPOINT WARNING * * *
The seven-headed hydra bites you but does no damage.
The seven-headed hydra bites you.
* * * LOW HITPOINT WARNING * * *
The seven-headed hydra closely misses you.
The seven-headed hydra bites you!
* * * LOW HITPOINT WARNING * * *
The seven-headed hydra bites you!
You die...

##### ###Pf#.##
.........# .........##
## ..........# ##.###
..........# # ##.....
..........# ##P#D..#
..........# #...@f#
....<%...+....##.##
.........### ###
....>....# f+#...#.##
#...[.### ##### .###P.#
########f#.###
#...P.####..##........#
.......#P.........>...##


You could see a seven-headed hydra.

Vanquished Creatures
  A minotaur (Lab)
  A hydra (Lair:2)
  5 death yaks
  A spiny frog (Lair:5)
  2 wandering mushrooms (Lair:1)
  2 fire drakes
  A komodo dragon (Lair:3)
  A basilisk (Lair:2)
  A hippogriff (Lair:5)
  A hungry ghost (D:8)
  2 porcupines
  6 yaks
  A black bear (D:8)
  5 sky beasts
  A phantom (D:7)
  4 ogres
  2 ice beasts (D:5)
  A crocodile (Lair:3)
  2 centaurs
  7 water moccasins
  5 giant frogs
  A boring beetle (Lair:4)
  A giant slug (Lair:5)
  A komodo dragon skeleton (D:7)
  3 agate snails (Lair:1)
  6 killer bees (D:7)
  A crimson imp (D:6)
  A jelly (D:8)
  14 wights
  2 goliath beetles
  A big fish (Lair:1)
  An iguana (Lair:3)
  2 giant frog skeletons
  5 hounds
  3 worker ants
  3 orc wizards
  A scorpion (D:4)
  12 sheep
  A gnoll (D:8)
  An orc priest (D:5)
  A worker ant zombie (D:8)
  10 adders
  A giant centipede (Lair:4)
  A giant mite (D:5)
  A worm (D:5)
  2 giant eyeballs (D:5)
  5 giant geckos
  2 oozes
  19 orcs
  11 bats
  A gnoll zombie (D:5)
  4 goblins
  3 hobgoblins
  10 jackals
  5 kobolds
  5 giant cockroaches
  2 giant newts (D:2)
  7 quokkas
  11 rats
  A rat skeleton (D:5)
214 creatures vanquished.

Vanquished Creatures (others)
  A fungus (Lair:4)
  A plant (Lair:1)
2 creatures vanquished.

Grand Total: 216 creatures vanquished

Notes
Turn   | Place    | Note
--------------------------------------------------------------
     0 | D:1      | 4tharraofdagon, the Djinni Fire Elementalist, began the quest for the Orb.
     0 | D:1      | Reached XP level 1. HP: 14/14 MP: 0/0
   182 | D:1      | Reached XP level 2. EP: 16/21
   764 | D:4      | Found Ydiud's Assorted Antiques.
   766 | D:4      | Bought a scroll labeled YGUROU SCHAT for 29 gold pieces
   842 | D:4      | Reached XP level 3. EP: 19/27
   847 | D:4      | Learned a level 3 spell: Conjure Flame
   881 | D:5      | Entered Level 5 of the Dungeon
   960 | D:4      | Reached skill level 5 in Fire Magic
   960 | D:4      | Reached XP level 4. EP: 25/35
  1304 | D:5      | Reached XP level 5. EP: 28/41
  1551 | D:3      | Reached skill level 6 in Fire Magic
  1826 | D:5      | Noticed an ogre
  1832 | D:5      | Killed an ogre
  1832 | D:5      | Reached XP level 6. EP: 39/48
  1841 | D:4      | Learned a level 4 spell: Sticky Flame
  2009 | D:7      | Found a sparkling altar of Nemelex Xobeh.
  2045 | D:7      | Found Khubleij's Armour Boutique.
  2139 | D:7      | Found Qoes' Magical Wand Emporium.
  2157 | D:7      | Found a shimmering altar of Xom.
  2179 | D:7      | Found Trafuazu's Food Shoppe.
  2213 | D:7      | Reached skill level 7 in Fire Magic
  2227 | D:7      | Found Wacus' Magical Wand Shoppe.
  2276 | D:7      | Found Canguafu's General Store.
  2312 | D:7      | Reached skill level 5 in Conjurations
  2329 | D:7      | Reached XP level 7. EP: 43/56
  2453 | D:6      | Reached skill level 8 in Fire Magic
  2549 | D:6      | Noticed bronies4ever's ghost (experienced DjWz)
  2646 | D:5      | Noticed a sky beast
  2653 | D:5      | Killed a sky beast
  2662 | D:5      | Learned a level 5 spell: Fireball
  2686 | D:5      | Noticed an ice beast
  2829 | D:5      | Noticed an ogre
  2838 | D:5      | Killed an ogre
  2931 | D:5      | Noticed an ogre
  2962 | D:5      | Killed an ogre
  2962 | D:5      | Reached XP level 8. EP: 33/64
  2964 | D:5      | Reached skill level 9 in Fire Magic
  3045 | D:5      | Killed an ice beast
  3060 | D:5      | Found a radiant altar of Vehumet.
  3069 | D:5      | Became a worshipper of Vehumet
  3299 | D:7      | Found a staircase to the Ecumenical Temple.
  3326 | D:7      | Learned a level 3 spell: Regeneration
  3373 | D:7      | Reached skill level 1 in Charms
  3413 | D:7      | Bought a +0 elven cloak of magic resistance for 94 gold pieces
  3449 | D:7      | Reached skill level 1 in Necromancy
  3454 | D:7      | Reached skill level 5 in Spellcasting
  3606 | D:8      | Reached XP level 9. EP: 56/71
  3628 | D:8      | Reached skill level 10 in Fire Magic
  3752 | D:9      | Gained mutation: Your magical capacity is low (-10% MP). [mutagenic meat]
  3792 | D:7      | Found a white marble altar of Elyvilon.
  3858 | D:8      | Found a bloodstained altar of Trog.
  3946 | D:8      | Found Qieran's Food Shoppe.
  3955 | D:8      | Found a staircase to the Lair.
  3955 | D:8      | Noticed a fire drake
  3990 | D:8      | Killed a fire drake
  4081 | D:8      | Acquired Vehumet's first power
  4081 | D:8      | Offered knowledge of Magic Dart by Vehumet.
  4194 | D:10     | Entered Level 10 of the Dungeon
  4200 | D:10     | Reached skill level 5 in Charms
  4231 | D:10     | Noticed Nergalle
  4231 | D:10     | Noticed Urug
  4550 | Lair:1   | Entered Level 1 of the Lair of Beasts
  4597 | Lair:1   | Found a labyrinth entrance.
  4606 | Lab      | Entered a labyrinth
  4825 | Lab      | Noticed a minotaur
  4850 | Lab      | Killed a minotaur
  4850 | Lab      | Reached skill level 1 in Fighting
  4850 | Lab      | Reached skill level 11 in Fire Magic
  4850 | Lab      | Reached XP level 10. EP: 53/77
  4876 | Lab      | Got a twisted leather armour
  4876 | Lab      | Identified Alistair's Incunabulum of Poison (You found it in a labyrinth)
  4876 | Lab      | Identified the Tome of Dark Execration (You found it in a labyrinth)
  4877 | Lab      | Identified a +5 rod of striking (9/9) (You found it in a labyrinth)
  4889 | Lair:1   | Identified the +2 leather armour of Mental Paralysis {rPois rF+ Stlth Curse} (You found it in a labyrinth)
  4918 | Lair:1   | Learned a level 6 spell: Haste
  5017 | Lair:2   | Noticed a five-headed hydra
  5103 | Lair:1   | Reached skill level 5 in Necromancy
  5251 | Lair:1   | Offered knowledge of Shock by Vehumet.
  5319 | Lair:2   | Killed a five-headed hydra
  5456 | Lair:3   | Found a staircase to the Shoals.
  5555 | Lair:2   | Reached skill level 10 in Necromancy
  5845 | Lair:3   | Found a dark tunnel.
  5860 | Volcano  | Entered a volcano
  5860 | Volcano  | Noticed Econoterrorist's ghost (experienced GrFi)
  5925 | Lair:4   | Reached XP level 11. EP: 67/85
  6044 | Lair:4   | Offered knowledge of Dazzling Spray by Vehumet.
  6096 | Lair:4   | Acquired Vehumet's second power
  6129 | Lair:3   | Noticed a death yak
  6133 | Lair:3   | Noticed a death yak
  6141 | Lair:3   | Noticed a death yak
  6166 | Lair:4   | Killed a death yak
  6287 | Lair:5   | Noticed a death yak
  6287 | Lair:5   | Noticed a death yak
  6288 | Lair:5   | Noticed a death yak
  6288 | Lair:5   | Noticed a death yak
  6300 | Lair:5   | Killed a death yak
  6300 | Lair:5   | Reached skill level 12 in Fire Magic
  6301 | Lair:5   | Killed a death yak
  6310 | Lair:5   | Killed a death yak
  6310 | Lair:5   | Reached skill level 10 in Conjurations
  6359 | Lair:5   | Killed a death yak
  6391 | Lair:4   | Noticed a seven-headed hydra
  6391 | Lair:4   | HP: 4/86 [seven-headed hydra (16)]
  6391 | Lair:4   | Slain by a seven-headed hydra

Action                   |  1- 3 |  4- 6 |  7- 9 | 10-12 || total
-------------------------+-------+-------+-------+-------++-------
Melee: Dagger            |    42 |    36 |   125 |    55 ||   258
       Staff             |       |       |       |    11 ||    11
 Cast: Flame Tongue      |    21 |    52 |    98 |    65 ||   236
       Conjure Flame     |     1 |     7 |    12 |    15 ||    35
       Sticky Flame      |       |     4 |    37 |    36 ||    77
       Fireball          |       |       |       |    15 ||    15
       Regeneration      |       |       |       |    13 ||    13
Evoke: Wand              |       |       |    21 |     4 ||    25
  Use: Potion            |     1 |     2 |       |     1 ||     4
       Scroll            |       |     9 |     9 |     5 ||    23
